Map: Torches LE

Players

MaxPax - Winner!

  • Race: Protoss Protoss
  • League: Master
  • Spawn Location: 1:00

LiquidClem (Clem)

  • Race: Terran Terran
  • League: Grandmaster
  • Spawn Location: 5:00

VOD

Have the link to the VOD?

Description

Time

  • Played on: June 24, 2025, 10:59 p.m.
  • Length: 12:45
Show
View Real Time Build Order
Export as new Build Order

MaxPax Protoss - Winner!

Build Orders: 1 Gate Expand, Phoenix Opening, Zealot Archon 

Get SALT Encoding   

  12  0:00  Probe  
  13  0:12  Probe  
  14  0:17  Pylon  
  14  0:23  Probe  
  15  0:31  Probe  
  16  0:36  Gateway  
  16  0:39  Probe  
  16  0:45  Assimilator  
  17  0:50  Probe  
  18  1:03  Probe  
  19  1:15  Probe  
  20  1:23  Cybernetics Core  
  20  1:31  Nexus  
  20  1:34  Probe  
  21  1:41  Pylon  
  21  1:46  Probe  
  22  1:49  Assimilator, Adept  
  22  1:58  Probe  
  25  2:09  Adept  
  25  2:11  Probe  
  28  2:23  Probe  
  28  2:28  Stargate  
  29  2:35  Warp Gate, Probe  
  30  2:40  Probe  
  30  2:41  Stalker  
  31  2:47  Probe  
  31  2:48  Probe  
  34  2:57  Shield Battery, Probe  
  35  2:59  Probe  
  37  3:08  Phoenix  
  37  3:09  Probe  
  37  3:11  Probe  
  39  3:21  Probe  
  39  3:23  Probe  
  39  3:28  Pylon  
  39  3:29  Phoenix  
  39  3:31  Gateway  
  39  3:33  Probe  
  42  3:35  Probe  
  42  3:41  Gateway  
  43  3:45  Probe, Phoenix  
  43  3:47  Probe  
  47  4:05  Nexus  
  47  4:07  Pylon  
  47  4:08  Probe  
  47  4:09  Probe  
  49  4:15  Phoenix  
  51  4:21  Probe  
  52  4:27  Probe  
  53  4:32  Assimilator  
  53  4:34  Probe  
  53  4:37  Twilight Council  
  54  4:38  Forge  
  54  4:39  Probe  
  54  4:40  Stalker  
  57  4:46  Probe  
  57  4:51  Probe  
  57  4:52  Pylon  
  59  4:57  Protoss Ground Weapons Level 1  
  59  4:58  Probe  
  59  4:59  Charge  
  60  5:03  Pylon  
  60  5:07  Shield Battery, Sentry  
  62  5:08  Gateway x2  
  62  5:10  Probe  
  62  5:11  Gateway  
  63  5:16  Probe x2  
  65  5:22  Probe  
  65  5:24  Probe  
  67  5:29  Gateway, Probe  
  67  5:34  Probe  
  67  5:35  Probe  
  69  5:39  Gateway  
  69  5:40  Assimilator  
  69  5:41  Probe  
  71  5:50  Robotics Facility  
  71  5:51  Pylon  
  71  5:52  Probe x2  
  71  5:54  Pylon  
  73  5:57  Templar Archives  
  72  6:06  Zealot x4  
  72  6:09  Probe  
  72  6:10  Probe x2  
  83  6:18  Sentry  
  83  6:19  Zealot  
  83  6:20  Pylon  
  83  6:23  Pylon  
  87  6:28  Psionic Storm  
  87  6:31  Nexus  
  87  6:37  Zealot x2  
  87  6:39  Warp Prism  
  91  6:40  High Templar  
  91  6:41  Zealot  
  91  6:46  Zealot  
  97  6:50  Protoss Ground Weapons Level 2  
  97  6:52  Zealot x2  
  103  6:55  High Templar  
  105  7:04  Zealot x3  
  105  7:08  Archon, Zealot  
  113  7:11  Probe  
  113  7:15  Zealot x3  
  116  7:17  Pylon  
  116  7:20  Probe, Observer  
  122  7:24  Pylon  
  122  7:25  Pylon  
  122  7:33  Zealot, Pylon  
  122  7:35  Zealot x4  
  132  7:38  Immortal  
  122  7:51  Probe  
  122  7:57  Zealot x7  
  133  8:05  High Templar, Immortal  
  119  8:07  Gateway  
  119  8:08  Gateway  
  112  8:24  High Templar x2, Zealot x5  
  112  8:26  Probe  
  112  8:27  Probe x3  
  123  8:33  Blink  
  124  8:38  Probe  
  124  8:39  Probe  
  124  8:40  Observer  
  126  8:42  Probe  
  126  8:43  Forge  
  126  8:45  Zealot  
  126  8:46  Zealot x3  
  136  8:48  High Templar  
  136  8:54  Probe x2  
  140  9:01  Immortal  
  122  9:16  Zealot x5  
  122  9:17  Zealot x3  
  120  9:21  Protoss Ground Weapons Level 3  
  114  9:30  Protoss Ground Armor Level 1, Warp Prism  
  112  9:33  Assimilator, Nexus  
  112  9:36  Pylon  
  94  9:41  High Templar, Zealot x3  
  94  9:42  Zealot  
  94  9:43  Probe x2  
  94  9:45  Probe  
  105  9:47  Probe  
  105  9:49  Assimilator, Observer  
  106  9:54  High Templar  
  106  9:57  Zealot x4  
  116  10:02  Immortal  
  116  10:03  Zealot x3  
  122  10:10  Stalker  
  128  10:15  Stalker  
  130  10:25  High Templar  
  130  10:27  Probe  
  133  10:29  Stalker x3  
  133  10:31  Immortal  
  137  10:41  Probe x4  
  143  10:44  Zealot x6  
  143  10:49  Photon Cannon  
  155  10:53  Probe  
  155  10:54  Robotics Bay  
  156  10:58  Robotics Facility  
  156  11:03  Immortal  
  151  11:13  High Templar  
  151  11:14  Zealot x8  
  169  11:20  Probe  
  163  11:25  Probe x2  
  163  11:26  Probe  
  163  11:36  Immortal  
  163  11:37  Archon, Observer  
  161  11:40  High Templar x2  
  161  11:44  Zealot x2  
  161  11:45  Zealot  
  176  11:47  Zealot  
  176  11:49  Stalker x3  
  176  11:50  Probe x3, Pylon, Immortal  
  176  11:51  Nexus  
  183  11:58  Stalker  
  185  12:09  Zealot x4  
  191  12:21  Zealot x2  
  184  12:28  Zealot x4  
Show
View Real Time Build Order
Export as new Build Order

LiquidClem Terran 

Build Orders:  

Get SALT Encoding   

  12  0:00  SCV  
  13  0:12  SCV  
  14  0:17  Supply Depot  
  14  0:24  SCV  
  15  0:38  SCV  
  15  0:40  Barracks  
  16  0:43  Refinery  
  16  0:50  SCV  
  16  0:52  Refinery  
  17  1:02  SCV  
  18  1:15  SCV  
  19  1:24  Supply Depot  
  19  1:28  Orbital Command, Reaper  
  20  1:41  Factory  
  20  1:54  SCV  
  21  2:01  Barracks Reactor  
  21  2:06  SCV  
  22  2:18  SCV  
  22  2:21  Command Center  
  23  2:26  Hellion  
  24  2:31  SCV  
  24  2:37  Reaper x2  
  27  2:40  Supply Depot  
  27  2:43  SCV  
  28  2:49  Hellion  
  30  2:57  Starport  
  30  2:59  SCV  
  31  3:09  Marine  
  31  3:10  Marine  
  31  3:12  SCV  
  34  3:19  Widow Mine  
  33  3:24  SCV  
  33  3:28  Marine x2  
  33  3:31  Supply Depot  
  35  3:36  SCV  
  35  3:38  Medivac  
  38  3:44  Factory Tech Lab  
  38  3:48  SCV  
  38  3:52  Marine x2  
  41  4:00  SCV  
  42  4:07  Orbital Command, Refinery  
  42  4:11  Factory Tech Lab  
  42  4:12  Marine x2  
  42  4:13  SCV  
  45  4:19  Viking  
  47  4:25  SCV  
  47  4:32  Cyclone  
  47  4:34  Mag-Field Accelerator  
  47  4:36  SCV  
  47  4:37  SCV  
  52  4:48  SCV  
  52  4:49  Viking  
  52  4:50  Supply Depot, SCV  
  56  4:55  Marine x2  
  58  5:00  SCV  
  58  5:02  SCV  
  60  5:11  Cyclone  
  60  5:12  SCV  
  64  5:14  SCV  
  64  5:17  Supply Depot  
  64  5:21  Command Center  
  65  5:24  SCV  
  66  5:29  SCV  
  66  5:32  Factory  
  66  5:34  Supply Depot  
  67  5:36  SCV  
  67  5:39  Viking  
  67  5:41  SCV  
  71  5:44  Viking  
  71  5:49  Cyclone  
  76  5:50  SCV  
  76  5:55  SCV  
  76  5:56  Supply Depot  
  78  6:02  SCV  
  78  6:04  Supply Depot  
  79  6:07  SCV  
  79  6:08  Factory, Refinery  
  80  6:15  Cyclone  
  80  6:18  SCV  
  82  6:19  SCV  
  82  6:21  Cyclone  
  82  6:24  Engineering Bay  
  86  6:30  Viking, SCV  
  86  6:31  SCV  
  90  6:35  Supply Depot  
  90  6:37  Viking  
  92  6:42  SCV  
  92  6:43  SCV  
  94  6:47  Cyclone  
  94  6:48  Barracks Reactor  
  94  6:52  Hellion  
  99  6:54  SCV  
  99  6:55  SCV  
  99  6:58  Supply Depot  
  99  6:59  Supply Depot  
  99  7:00  Liberator  
  104  7:04  Orbital Command  
  104  7:06  SCV  
  105  7:08  Liberator  
  105  7:11  SCV  
  105  7:15  Supply Depot  
  109  7:17  Cyclone  
  109  7:18  SCV  
  109  7:22  Supply Depot  
  113  7:25  SCV  
  113  7:26  Missile Turret  
  113  7:28  Cyclone  
  113  7:29  SCV  
  118  7:32  SCV  
  118  7:35  Missile Turret  
  118  7:36  Infernal Pre-Igniter  
  119  7:37  SCV  
  119  7:41  Hellion x2  
  119  7:42  SCV  
  124  7:45  SCV  
  124  7:49  Liberator  
  127  7:52  Cyclone  
  127  7:53  SCV  
  127  7:55  SCV  
  130  8:01  Factory  
  130  8:05  Hellion x2  
  129  8:06  SCV  
  129  8:08  Supply Depot  
  129  8:10  Factory  
  129  8:11  SCV  
  131  8:14  SCV  
  131  8:15  Refinery x2  
  131  8:18  Cyclone, SCV  
  129  8:23  SCV  
  129  8:26  Command Center  
  130  8:28  Barracks Tech Lab  
  130  8:30  Hellion  
  130  8:31  Hellion  
  134  8:34  Cyclone  
  137  8:41  Missile Turret, Sensor Tower  
  137  8:48  SCV  
  137  8:49  SCV  
  137  8:50  Cyclone, SCV  
  137  8:51  Sensor Tower, Factory Tech Lab  
  143  8:59  Hellion x2  
  143  9:00  Supply Depot  
  146  9:06  Cyclone x2  
  137  9:10  Cyclone  
  137  9:16  SCV  
  135  9:19  SCV  
  135  9:20  Hellion  
  135  9:21  Hellion  
  135  9:22  Cyclone, SCV  
  141  9:28  SCV  
  136  9:33  SCV  
  136  9:35  SCV  
  126  9:38  Cyclone x2  
  126  9:42  Hellion, Cyclone, SCV  
  126  9:45  SCV  
  136  9:46  Armory  
  136  9:47  Hellion  
  136  9:48  SCV  
  139  9:54  SCV  
  139  9:55  Supply Depot  
  139  9:57  SCV  
  141  10:00  Cyclone  
  141  10:01  Missile Turret  
  141  10:04  Refinery  
  141  10:05  Orbital Command  
  141  10:06  SCV  
  145  10:07  SCV  
  145  10:09  SCV  
  145  10:10  Cyclone  
  150  10:15  Armory  
  150  10:17  Hellion x2  
  150  10:19  SCV x2  
  156  10:23  Cyclone  
  156  10:24  Cyclone  
  156  10:25  SCV  
  158  10:31  SCV  
  158  10:33  SCV  
  152  10:38  Cyclone  
  152  10:41  Terran Vehicle Weapons Level 1  
  158  10:42  Cyclone  
  158  10:44  Hellion x2, Command Center  
  158  10:49  Liberator  
  162  10:50  Liberator  
  168  10:57  Cyclone  
  166  11:06  Widow Mine x2, Cyclone  
  163  11:13  Cyclone  
  163  11:15  Cyclone  
  161  11:27  Widow Mine x2  
  161  11:29  Factory  
  161  11:30  Factory  
  165  11:38  Cyclone  
  165  11:48  Hellion x2, Cyclone  
  165  11:51  Cyclone  
  175  11:58  SCV  
  175  12:00  Cyclone  
  179  12:01  SCV  
  179  12:03  Command Center  
  179  12:04  SCV  
  179  12:05  Command Center x2  
  173  12:09  SCV  
  173  12:10  Hellion x2, Cyclone  
Tags
 
Add a new tag
Caveats
  • Supply blocks, unpowered buildings, or Contaminate may cause inaccurate times.
  • Supply counts are checked every 10 seconds.